 Dungeon Crawl Stone Soup version 0.23.2-33-g5129a83184 (webtiles) character file.

Game seed: 11854540618479481214

1373 H0rd4k the Cutter (level 8, -5/58 HPs)
             Began as a Human Artificer on July 31, 2019.
             Splashed by an oklob sapling's acid (14 damage)
             ... on level 6 of the Dungeon.
             The game lasted 00:15:13 (7216 turns).

H0rd4k the Cutter (Human Artificer)                 Turns: 7216, Time: 00:15:14

Health: -5/58      AC:  2    Str: 14    XL:     8   Next: 98%
Magic:  11/11      EV: 18    Int: 23    God:
Gold:   222        SH:  0    Dex: 14    Spells: 7/9 levels left

rFire    + . .     SeeInvis .   i - +1 short sword (protect)
rCold    . . .     Gourm    .   (no shield)
rNeg     . . .     Faith    .   F - +1 leather armour of Freedom {*Corrode +Inv rF+ Int+7}
rPois    .         Spirit   .   r - +1 helmet
rElec    .         Reflect  .   (no cloak)
rCorr    .         Harm     .   (no gloves)
MR       .....                  (no boots)
Stlth    ++........             (no amulet)
HPRegen  0.19/turn              A - +4 ring of evasion
MPRegen  0.12/turn              n - +4 ring of intelligence

@: corroded
A: no striking features
a: Evoke Invisibility


You were on level 6 of the Dungeon.
You were not hungry.

You visited 1 branch of the dungeon, and saw 6 of its levels.

You collected 222 gold pieces.

Inventory:

Hand Weapons
 a - a +0 short sword
 i - a +1 short sword of protection (weapon)
Missiles
 g - 11 tomahawks (quivered)
Armour
 b - a +0 leather armour
 r - a +1 helmet (worn)
 F - the +1 leather armour of Freedom (worn) {*Corrode +Inv rF+ Int+7}
   (You found it on level 5 of the Dungeon)

   It affects your intelligence (+7).
   It protects you from fire.
   It lets you turn invisible.
   It may corrode you when you take damage.
Jewellery
 m - an uncursed ring of positive energy
 n - a +4 ring of intelligence (right hand)
 A - a +4 ring of evasion (left hand)
Wands
 c - a wand of flame (8)
 d - a wand of enslavement (10)
 D - a wand of paralysis (7)
Scrolls
 j - 2 scrolls of teleportation
 l - 2 scrolls of amnesia
 o - 4 scrolls of enchant weapon
 u - 2 scrolls of blinking
 v - a scroll of noise
Potions
 e - a potion of ambrosia {unknown}
 h - 3 potions of lignification
 k - 4 potions of flight {unknown}
 t - 3 potions of brilliance
 w - a potion of curing {unknown}
 x - a potion of heal wounds {unknown}
 B - 3 potions of agility
 E - a potion of cancellation {unknown}
Comestibles
 f - 9 rations


   Skills:
 + Level 3.1 Fighting
 + Level 5.9 Short Blades
 + Level 3.4 Armour
 + Level 4.4 Dodging
 + Level 3.6 Stealth
 * Level 1.2 Spellcasting
 * Level 1.8 Charms
 * Level 1.6 Air Magic
 + Level 4.0 Evocations


You had 7 spell levels left.
You knew the following spells:

 Your Spells              Type           Power        Failure   Level  Hunger
a - Swiftness             Chrm/Air       #.......     13%         2    ###....

Your spell library contained the following spells:

 Spells                   Type           Power        Failure   Level  Hunger
 Shock                    Conj/Air       #...         12%         1    ##.....
 Static Discharge         Conj/Air       #.......     36%         3    ####...
 Airstrike                Air            #.........   65%         4    #####..
 Lightning Bolt           Conj/Air       #.........   98%         5    ######.


Dungeon Overview and Level Annotations

Branches:
Dungeon (6/15)             Temple (0/1) D:6

Altars:
Ashenzari
Cheibriados
Elyvilon
Fedhas
Hepliaklqana
Kikubaaqudgha
Qazlal
Wu Jian
The Shining One

Annotations:
D:3 exclusions: downstairs and phantom
D:5 exclusion: downstairs
D:6 exclusion: oklob sapling


Message History

Eating one of 3 chunks of flesh.
You eat one of the 3 chunks of flesh.
This raw flesh tastes terrible.
All of the chunks of flesh in your inventory have rotted away.
HP restored.
Things that are here:
a +0 dagger; a +0 chain mail; an orc corpse Really walk into a travel-excluded area?
Items here: ! ) ? [ † a +0 hand axe; a +0 ring mail; a potion of agility; a scroll of remove curse an orc corpse
Found a potion of brilliance.
The oklob sapling spits acid at you. The splash of acid hits you!
You are splashed with acid!
The oklob sapling spits acid at you. The splash of acid hits you.
The acid corrodes you!
You are splashed with acid!
The oklob sapling spits acid at you. The splash of acid hits you!
* * * LOW HITPOINT WARNING * * *
You are splashed with acid!
You die...

.........#.####....%..........###
.......)o...".......#.#......####
............................[....
.............#..............#####
..........#####..##.......#...# #
........### #..PP.P....)).)...###
........# #.PPPP..#....##......
........# #P.PP.PP.....####..(.
........# #..P@.P..##### #....
######### #.P..PP..# #####
#.PPPP...# #P.P..P..# #........#
##########


You could see an oklob sapling.

Vanquished Creatures
  2 centaurs (D:6)
  An orc warrior (D:6)
  5 ogres
  2 crimson imps (D:5)
  3 hounds
  An iguana (D:4)
  2 bullfrog skeletons
  Jessica (D:2)
  3 worker ants
  Ijyb (D:5)
  A worker ant zombie (D:6)
  9 adders
  4 gnolls
  An ooze (D:2)
  An adder zombie (D:5)
  3 adder skeletons
  3 worms (D:2)
  2 dart slugs
  4 leopard geckos
  14 orcs
  A ball python (D:1)
  5 giant cockroaches
  11 goblins
  10 hobgoblins
  13 jackals
  7 kobolds
  4 quokkas
  6 bats
  2 frilled lizards
  A quokka zombie (D:4)
  6 rats
129 creatures vanquished.

Vanquished Creatures (collateral kills)
  An orc priest (D:6)
1 creature vanquished.

Vanquished Creatures (others)
  An ogre (D:6)
  3 plants (D:6)
4 creatures vanquished.

Grand Total: 134 creatures vanquished

Notes
Turn   | Place    | Note
-------+----------+-------------------------------------------
     0 | D:1      | H0rd4k the Human Artificer began the quest for the Orb.
     0 | D:1      | Reached XP level 1. HP: 15/15 MP: 3/3
   142 | D:1      | Reached XP level 2. HP: 11/21 MP: 4/4
   479 | D:1      | Reached XP level 3. HP: 23/26 MP: 5/5
  1079 | D:2      | Reached XP level 4. HP: 12/32 MP: 6/6
  1340 | D:2      | Reached skill level 1 in Armour
  1644 | D:2      | Found an ornate altar of the Wu Jian Council.
  1687 | D:2      | Noticed Jessica
  1701 | D:2      | Killed Jessica
  1701 | D:2      | Reached skill level 2 in Short Blades
  1754 | D:2      | Reached XP level 5. HP: 17/37 MP: 7/7
  2978 | D:3      | Found a shattered altar of Ashenzari.
  3024 | D:3      | Found a stormy altar of Qazlal.
  3303 | D:3      | Found a hazy altar of Hepliaklqana.
  3425 | D:4      | Noticed an ogre
  3510 | D:4      | Found a white marble altar of Elyvilon.
  3511 | D:4      | Noticed an ogre
  3521 | D:4      | Killed an ogre
  3521 | D:4      | Reached skill level 3 in Short Blades
  3521 | D:4      | Reached XP level 6. HP: 44/44 MP: 8/8
  3569 | D:4      | Noticed a phantom
  3829 | D:4      | Noticed an ogre
  3834 | D:4      | Killed an ogre
  3957 | D:4      | Reached XP level 7. HP: 33/50 MP: 9/9
  3959 | D:4      | Reached skill level 4 in Short Blades
  5224 | D:5      | Entered Level 5 of the Dungeon
  5623 | D:5      | Reached XP level 8. HP: 53/57 MP: 10/10
  5668 | D:5      | Found a snail-covered altar of Cheibriados.
  5668 | D:5      | Found an ancient bone altar of Kikubaaqudgha.
  5671 | D:5      | Noticed Ijyb
  5676 | D:5      | Paralysed by Ijyb for 3 turns
  5692 | D:5      | Killed Ijyb
  5771 | D:5      | Reached skill level 5 in Short Blades
  5776 | D:5      | Found a blossoming altar of Fedhas.
  6103 | D:5      | Got a steaming leather armour
  6127 | D:5      | Identified the +1 leather armour of Freedom {*Corrode +Inv
                  | rF+ Int+7} (You found it on level 5 of the Dungeon)
  6197 | D:5      | Learned a level 2 spell: Swiftness
  6491 | D:6      | Reached skill level 1 in Charms
  6491 | D:6      | Reached skill level 1 in Air Magic
  6891 | D:6      | Found a glowing golden altar of the Shining One.
  7027 | D:6      | Found a staircase to the Ecumenical Temple.
  7105 | D:6      | Reached skill level 1 in Spellcasting
  7216 | D:6      | Splashed by an oklob sapling's acid

Skill      XL: |  1  2  3  4  5  6  7  8 |
---------------+-------------------------+-----
Armour         | 1 2 3 |  3.4
Short Blades   | 2 3 4 5 |  5.9
Dodging        | 3 4 |  4.4
Stealth        | 2 3 |  3.6
Fighting       | 2 3 |  3.1
Charms         | 1 |  1.8
Air Magic      | 1 |  1.6
Evocations     | 4 |  4.0
Spellcasting   | 1 |  1.2

Action                   |  1- 3 |  4- 6 |  7- 9 || total
-------------------------+-------+-------+-------++-------
Melee: Short sword       |   164 |   239 |   604 ||  1007
Evoke: Wand              |     3 |     7 |    20 ||    30
  Use: Scroll            |       |       |    11 ||    11
 Stab: Paralysed         |       |     7 |     3 ||    10
       Sleeping          |       |     4 |     4 ||     8
       Confused          |       |       |     2 ||     2
  Eat: Chunk             |       |     6 |     9 ||    15
       Ration            |       |     1 |     1 ||     2
Armor: Leather armour    |    86 |    76 |   156 ||   318
Dodge: Dodged            |   159 |   143 |   360 ||   662
